[Event "Betsys MČR v online bleskovém šachu 2021"]
[Site "Chess.com"]
[Date "2021.04.17"]
[Round "7"]
[White "TTCZ"]
[Black "Mikkes33"]
[Result "0-1"]
[WhiteElo "1459"]
[BlackElo "1410"]
[TimeControl "180+1"]
[EndTime "10:10:22 PDT"]
[Termination "Uživatel Mikkes33 zvítězil po vzdání soupeře"]

1. e4 c5 2. Nc3 Nc6 3. f4 e6 4.
Nf3 d5 5. exd5 exd5 6. d3 Bd6 7. Be2 d4 8. Ne4 Nf6 9. Nxd6+ Qxd6 10. O-O O-O 11. c3 Be6 12. c4 Rfe8 13. Rf2 Ng4 14. Rf1 Bf5 15. h3 Ne3 16. Bxe3 Rxe3 17. Qd2 Rae8 18.
Rf2 Qxf4 19. Re1 Nb4 20. a3 Nc6 21. b4 cxb4 22. axb4 Qd6 23. b5 Nb4 24. Nxd4 Qxd4 25. Qxb4 Rxe2 26. Rf1 Rxf2 27. Rxf2 Bxd3 28. Qd2 Re2 29. Qf4 Qxf2+ 30. Qxf2 Rxf2 31. Kxf2 Bxc4 0-1

[Event "Betsys MČR v online bleskovém šachu 2021"]
[Site "Chess.com"]
[Date "2021.04.17"]
[Round "7"]
[White "prosinec"]
[Black "sachovybukowski"]
[Result "1-0"]
[WhiteElo "1749"]
[BlackElo "1970"]
[TimeControl "180+1"]
[EndTime "10:10:28 PDT"]
[Termination "Uživatel prosinec zvítězil po vzdání soupeře"]

1. Nf3 c5 2. c4 g6 3. g3 Bg7 4. Bg2 Nc6 5. Nc3 h5 6. h4 Nf6 7. O-O d6 8. d4 cxd4 9. Nxd4 Bd7 10. e4 O-O 11. Nd5 Nxd5 12. Nxc6 Nc3 13. Nxe7+ Qxe7 14. bxc3 Bxc3 15. Rb1 Bc6 16. Qd3 Bg7 17. Bf4 Rfd8 18. Rfd1 Be5 19. Bg5 Bf6 20. Bf4 Be5 21. Bg5 f6 22.
Be3 d5 23. exd5 Ba4 24. Qxg6+ Kf8 25. Bh6+ Qg7 26. Qxg7+ 1-0

[Event "Betsys MČR v online bleskovém šachu 2021"]
[Site "Chess.com"]
[Date "2021.04.17"]
[Round "7"]
[White "AdaTra"]
[Black "LightningAttack_2000"]
[Result "0-1"]
[WhiteElo "1653"]
[BlackElo "1904"]
[TimeControl "180+1"]
[EndTime "10:10:29 PDT"]
[Termination "Uživatel LightningAttack_2000 zvítězil po vzdání soupeře"]

1. d4 Nf6 2. Nf3 g6 3. Bf4 Bg7 4. Nbd2 d6 5. e4 Nbd7 6. Bc4 O-O 7. O-O c6 8. h3 b5 9. Bb3 c5 10. d5 c4 11. Bxc4 bxc4 12. Nxc4 Ba6 13. Nfd2 Rc8 14. Qe2 Nb6 15. b3 Nh5 16. Be3 Bxa1 17. Rxa1 Nxc4 18. bxc4 Qc7 19. Rb1 Bxc4 20. Qg4 Nf6 21. Qg5 Bxa2 22.
Rb2 Bc4 23. Bd4 a5 24. f4 Rb8 25. e5 Ne8 26. Qh6 Rxb2 27. exd6 exd6 28. Bxb2 Bxd5 29. Nf1 Bxg2 30. Ne3 Qb6 31. Kxg2 Qxe3 32. f5 Qxh6 0-1

[Event "Betsys MČR v online bleskovém šachu 2021"]
[Site "Chess.com"]
[Date "2021.04.17"]
[Round "7"]
[White "sajmon8"]
[Black "jhdghaka"]
[Result "0-1"]
[WhiteElo "1618"]
[BlackElo "1873"]
[TimeControl "180+1"]
[EndTime "10:10:29 PDT"]
[Termination "Uživatel jhdghaka zvítězil po vzdání soupeře"]

1. e4 c5 2. Nf3 Nc6 3. d4 cxd4 4. Nxd4 Nf6 5. Nc3 e5 6. Ndb5 d6 7. Bg5 a6 8. Na3 b5 9. Nd5 Be7 10. Bxf6 Bxf6 11. c3 Bg5 12. Nc2 O-O 13. Nce3 f5 14. Bd3 f4 15. Nc2 Ne7 16. Be2 Be6 17. f3 Nxd5 18. exd5 Bf5 19. Bd3 Bh4+ 20. Kf1 Qg5 21. Bxf5 Rxf5 22. Nb4 Qg6 23. Nc6 Bf6 24. Qe2 Rg5 25.
Kf2 Rxg2+ 0-1

[Event "Betsys MČR v online bleskovém šachu 2021"]
[Site "Chess.com"]
[Date "2021.04.17"]
[Round "7"]
[White "pudltomik"]
[Black "terezkai"]
[Result "1-0"]
[WhiteElo "754"]
[BlackElo "595"]
[TimeControl "180+1"]
[EndTime "10:10:29 PDT"]
[Termination "Uživatel pudltomik zvítězil na čas"]

1. e4 e5 2. Nf3 Nc6 3. Nc3 Nf6 4. d4 exd4 5. Nxd4 d5 6. Nf3 Bc5 7. Be3 Bxe3 8. fxe3 Bg4 9. Be2 O-O 10. Nxd5 Nxd5 11.
exd5 Ne7 12. c4 c6 13. O-O cxd5 14. Ne5 Rc8 15. Nxg4 Rxc4 16. Bxc4 dxc4 17. Qxd8 Rxd8 18. Ne5 Rd2 19. Nd7 Rxd7 20. e4 Rd2 21. g4 Rxb2 22.
Rac1 Re2 23. Rxc4 Rxa2 24. Rc7 Kf8 25. Rxb7 Ng6 26. Rb8+ Ke7 27. Rb7+ Ke6 28. g5 Nf4 29. Rxf4 Ra1+ 30. Kg2 Rd1 31. Rxa7 Rd2+ 32. Kg3 Ke5 33.
Rf1 Kxe4 34. Re7+ 1-0

[Event "Betsys MČR v online bleskovém šachu 2021"]
[Site "Chess.com"]
[Date "2021.04.17"]
[Round "7"]
[White "Skalicky"]
[Black "Fafin1"]
[Result "0-1"]
[WhiteElo "890"]
[BlackElo "1205"]
[TimeControl "180+1"]
[EndTime "10:10:31 PDT"]
[Termination "Uživatel Fafin1 zvítězil na čas"]

1. d4 d5 2. c4 c6 3. Nc3 Bf5 4.
Nf3 e6 5. e3 Bb4 6. a3 Ba5 7. Be2 Nf6 8. O-O O-O 9. cxd5 cxd5 10. Bd2 Nc6 11. b4 Bc7 12. b5 Na5 13. Qa4 b6 14. Nd1 Nb7 15. Nb2 Nd6 16. Rfd1 Bg4 17. h3 Bh5 18. g4 Bg6 19. g5 Nfe4 20. Bd3 Nxg5 21. Bxg6 Nxf3+ 22. Kf1 fxg6 23. Nd3 Ne4 24. Qc2 Nfxd2+ 0-1

[Event "Betsys MČR v online bleskovém šachu 2021"]
[Site "Chess.com"]
[Date "2021.04.17"]
[Round "7"]
[White "Stalri"]
[Black "Honza_13"]
[Result "1-0"]
[WhiteElo "2194"]
[BlackElo "1940"]
[TimeControl "180+1"]
[EndTime "10:10:32 PDT"]
[Termination "Uživatel Stalri zvítězil na čas"]

1. d4 Nf6 2. c4 g6 3. Nc3 Bg7 4. e4 d6 5. Be2 O-O 6. Nf3 Nbd7 7. O-O e5 8. Re1 a5 9. h3 b6 10. dxe5 dxe5 11. Bg5 h6 12. Be3 Bb7 13. Qc2 Qe7 14.
a3 a4 15. Nd5 Bxd5 16. cxd5 Nc5 17. Bxc5 bxc5 18. Bb5 Rfb8 19. Bxa4 Ra6 20. Nd2 Ne8 21. Bxe8 Qxe8 22. Reb1 Qb5 23. Nc4 Qb3 24. Qxb3 Rxb3 25. Re1 Ra4 26. Rac1 f6 27. f3 Bf8 28. Kf2 Kf7 29. Re3 Rb8 30. Ke2 Bd6 31. Kd3 g5 32.
Rc3 1-0

[Event "Betsys MČR v online bleskovém šachu 2021"]
[Site "Chess.com"]
[Date "2021.04.17"]
[Round "7"]
[White "ZdenekRomanek"]
[Black "pburak"]
[Result "1-0"]
[WhiteElo "1593"]
[BlackElo "1181"]
[TimeControl "180+1"]
[EndTime "10:10:32 PDT"]
[Termination "Uživatel ZdenekRomanek zvítězil na čas"]

1. d4 Nf6 2. c4 e6 3. Nc3 Bb4 4. Nf3 O-O 5. e3 c5 6. a3 Ba5 7. Be2 cxd4 8. exd4 Bxc3+ 9. bxc3 d6 10. O-O Nbd7 11.
Bd3 b6 12. Bc2 Bb7 13. Re1 Re8 14. Qd3 Qc7 15. Bg5 d5 16. cxd5 Bxd5 17. Ne5 g6 18. Rac1 Be4 19. Rxe4 Nxe4 20. Qxe4 Nxe5 21. Qxe5 Qxe5 22.
dxe5 Rac8 23. Ba4 Rf8 24. Be7 1-0

[Event "Betsys MČR v online bleskovém šachu 2021"]
[Site "Chess.com"]
[Date "2021.04.17"]
[Round "7"]
[White "Simago"]
[Black "Ladislav1969"]
[Result "0-1"]
[WhiteElo "2092"]
[BlackElo "2317"]
[TimeControl "180+1"]
[EndTime "10:10:33 PDT"]
[Termination "Uživatel Ladislav1969 zvítězil po vzdání soupeře"]

1. e4 c5 2. Nf3 e6 3. c3 Nf6 4. e5 Nd5 5. Bc4 Nb6 6. Bb3 d5 7. exd6 Bxd6 8. O-O c4 9. Bc2 Nc6 10. d3 cxd3 11. Bxd3 Ne5 12. Nxe5 Bxe5 13. f4 Bf6 14. f5 O-O 15. Be3 exf5 16. Na3 Nd5 17.
Bc5 Be7 18. Bxe7 Qxe7 19. Qf3 Nxc3 20. bxc3 Qxa3 21. Bc4 Qc5+ 22. Kh1 Qxc4 23. Rab1 Be6 24. Qxb7 Bd5 25. Qc7 Qxc7 0-1

[Event "Betsys MČR v online bleskovém šachu 2021"]
[Site "Chess.com"]
[Date "2021.04.17"]
[Round "7"]
[White "VitaRasik"]
[Black "KdybyNecoTakNic"]
[Result "1-0"]
[WhiteElo "2614"]
[BlackElo "2323"]
[TimeControl "180+1"]
[EndTime "10:10:34 PDT"]
[Termination "Uživatel VitaRasik zvítězil matem"]

1. e4 e6 2. Bb5 Ne7 3. d4 Ng6 4. Nf3 c5 5. O-O Be7 6. c3 O-O 7. Re1 Nc6 8. d5 Nce5 9. Nxe5 Nxe5 10. f4 Ng6 11. d6 Bh4 12. g3 Bf6 13. e5 a6 14. Bf1 b5 15. Bg2 Rb8 16. exf6 Qxf6 17. Nd2 c4 18. Ne4 Qf5 19. Nf2 Bb7 20. Bxb7 Rxb7 21.
Be3 h5 22. Qf3 h4 23. g4 Qd5 24. Qxd5 exd5 25. f5 Ne5 26. Kg2 g6 27. Bh6 Re8 28. Bf4 f6 29. fxg6 Kg7 30. g5 Kxg6 31. gxf6 Kxf6 32.
Bxe5+ Kf5 33. Bd4 Rg8+ 34. Kh3 Rbb8 35. Re5+ Kf4 36. Rf1 Rbe8 37. Nd3# 1-0

[Event "Betsys MČR v online bleskovém šachu 2021"]
[Site "Chess.com"]
[Date "2021.04.17"]
[Round "7"]
[White "adiklan"]
[Black "Kijonker"]
[Result "1-0"]
[WhiteElo "1910"]
[BlackElo "1465"]
[TimeControl "180+1"]
[EndTime "10:10:35 PDT"]
[Termination "Uživatel adiklan zvítězil po vzdání soupeře"]

1. d4 e6 2. g3 Nf6 3. Bg2 c5 4. Nf3 Nc6 5. O-O cxd4 6. Nxd4 Nxd4 7. Qxd4 d5 8. c4 dxc4 9. Qxd8+ Kxd8 10. Rd1+ Bd7 11. Bxb7 Rb8 12. Ba6 Bc5 13. Nc3 Ke7 14. Bxc4 Rb4 15. b3 Rd8 16. a4 a5 17. Ba3 Rdb8 18. Bxb4 Bxb4 19. Nb5 Bxb5 20. Bxb5 Nd5 21. Rd3 1-0

[Event "Betsys MČR v online bleskovém šachu 2021"]
[Site "Chess.com"]
[Date "2021.04.17"]
[Round "7"]
[White "TheRigos"]
[Black "FormerProdigy"]
[Result "0-1"]
[WhiteElo "2571"]
[BlackElo "2865"]
[TimeControl "180+1"]
[EndTime "10:10:38 PDT"]
[Termination "Uživatel FormerProdigy zvítězil po vzdání soupeře"]

1. e4 c5 2. Nf3 d6 3. d4 cxd4 4.
Qxd4 Nf6 5. Nc3 Nc6 6. Bb5 Nd7 7. Bxc6 bxc6 8. Bg5 h6 9. Bh4 Qb6 10. O-O-O Qxd4 11. Nxd4 Bb7 12. Rhe1 g5 13. Bg3 Bg7 14. Nf5 Be5 15. h4 Bxg3 16. fxg3 Ne5 17. Ne2 Bc8 18. hxg5 Bxf5 19. exf5 hxg5 20. Nd4 Kd7 21. Nf3 Nxf3 22. gxf3 Rh3 23. Rg1 Rb8 24. c4 Rh2 25. c5 Rbxb2 26. Rd3 Rxa2 27. Kb1 Rhb2+ 0-1

[Event "Betsys MČR v online bleskovém šachu 2021"]
[Site "Chess.com"]
[Date "2021.04.17"]
[Round "7"]
[White "Clockwork7orange"]
[Black "hoacin"]
[Result "0-1"]
[WhiteElo "2316"]
[BlackElo "2553"]
[TimeControl "180+1"]
[EndTime "10:10:39 PDT"]
[Termination "Uživatel hoacin zvítězil matem"]

1. Nc3 e5 2. e4 Nf6 3. Nf3 Nc6 4. a3 d5 5. exd5 Nxd5 6. Bb5 Nxc3 7. bxc3 Bd6 8. d4 exd4 9. cxd4 O-O 10. h3 Re8+ 11. Be3 a6 12. Ba4 b5 13. Bb3 Na5 14. Ba2 Be6 15.
Bxe6 Rxe6 16. O-O Nc4 17. Bc1 Rg6 18. a4 Qd7 19. Kh1 bxa4 20. c3 a3 21. Re1 h6 22.
Nd2 Qb5 23. Qf3 Re8 24. Rf1 Rf6 25. Qd3 Nxd2 26. Qxd2 Qxf1# 0-1

[Event "Betsys MČR v online bleskovém šachu 2021"]
[Site "Chess.com"]
[Date "2021.04.17"]
[Round "7"]
[White "mysacek1414"]
[Black "Klapuch05"]
[Result "1-0"]
[WhiteElo "1861"]
[BlackElo "1567"]
[TimeControl "180+1"]
[EndTime "10:10:42 PDT"]
[Termination "Uživatel mysacek1414 zvítězil matem"]

1. e4 c5 2. Nf3 d6 3. d4 cxd4 4. Nxd4 Nf6 5. Bc4 g6 6. Nc3 Bg7 7. O-O O-O 8. h3 a6 9. a4 Nc6 10. Be3 Bd7 11. Bb3 Rc8 12. f4 e6 13. Qd2 Na5 14.
Rad1 Nxb3 15. Nxb3 Rxc3 16. Qxc3 Nxe4 17. Qb4 Bc6 18.
Nd4 a5 19. Nxc6 axb4 20. Nxd8 Rxd8 21. Bd4 Ng3 22. Rfe1 Bh6 23. Be5 Nf5 24. g4 Nh4 25. Kf2 d5 26. Bf6 Rc8 27. Bxh4 Rxc2+ 28. Re2 Rc4 29.
Bg3 Bxf4 30. Bxf4 Rxf4+ 31. Kg3 Rc4 32. Rd3 Rc5 33. Rd4 b3 34. Rd3 Ra5 35. Rxb3 Rxa4 36.
Rxb7 Kg7 37. Rf2 Kh6 38. Rfxf7 Rd4 39. h4 Rd3+ 40. Kf4 g5+ 41. hxg5+ Kg6 42. Rf6# 1-0

[Event "Betsys MČR v online bleskovém šachu 2021"]
[Site "Chess.com"]
[Date "2021.04.17"]
[Round "7"]
[White "JindrichT_CZE"]
[Black "veronikam"]
[Result "1-0"]
[WhiteElo "2054"]
[BlackElo "1482"]
[TimeControl "180+1"]
[EndTime "10:10:44 PDT"]
[Termination "Uživatel JindrichT_CZE zvítězil po vzdání soupeře"]

1. e4 c5 2. c4 Nc6 3. g3 g6 4. Bg2 Bg7 5. Nc3 d6 6. Nge2 Nf6 7. d3 a6 8. h3 Qc7 9. Be3 Rb8 10. Qd2 b5 11.
cxb5 axb5 12. d4 O-O 13. dxc5 b4 14. Nd5 Nxd5 15. exd5 Ne5 16. c6 Ba6 17. O-O Nd3 18. Rab1 e6 19. b3 Ne5 20. Rfd1 Bc8 21. Nf4 Kh8 22. dxe6 fxe6 23. Qxd6 Qxd6 24. Rxd6 Re8 25. c7 Rb5 26. Rd8 1-0

[Event "Betsys MČR v online bleskovém šachu 2021"]
[Site "Chess.com"]
[Date "2021.04.17"]
[Round "7"]
[White "FrantisekP"]
[Black "adasmrazek"]
[Result "1-0"]
[WhiteElo "1627"]
[BlackElo "1305"]
[TimeControl "180+1"]
[EndTime "10:10:44 PDT"]
[Termination "Uživatel FrantisekP zvítězil po vzdání soupeře"]

1. d4 Nf6 2. Bf4 g6 3. Nf3 Bg7 4. e3 O-O 5. c3 Nc6 6. Be2 e6 7.
Nbd2 d5 8. Bg5 Bd7 9. Ne5 Nxe5 10. dxe5 c5 11. exf6 Bxf6 12. Bxf6 Qxf6 13. Nf3 Rac8 14.
O-O a6 15. h3 b5 16. Rc1 c4 17.
Qd4 Qxd4 18. exd4 Bc6 19. Ne5 Bb7 20. Rfe1 f5 21. Bd1 Rfe8 22. Bc2 Rf8 23. f4 Rce8 24. Kf2 Kg7 25. h4 h5 26. g3 Re7 27. a4 Bc8 28. axb5 axb5 29. Ra1 Rb7 30. Ra8 Rd8 31. Rea1 Rc7 32.
R1a7 Rxa7 33. Rxa7+ Kf8 34. Nxg6+ 1-0

[Event "Betsys MČR v online bleskovém šachu 2021"]
[Site "Chess.com"]
[Date "2021.04.17"]
[Round "7"]
[White "matykov"]
[Black "horvi1"]
[Result "0-1"]
[WhiteElo "2009"]
[BlackElo "2237"]
[TimeControl "180+1"]
[EndTime "10:10:45 PDT"]
[Termination "Uživatel horvi1 zvítězil po vzdání soupeře"]

1. e4 e5 2. Nf3 Nc6 3. Nc3 Nf6 4. d4 exd4 5. Nxd4 Bb4 6. Nxc6 bxc6 7. Bd3 d5 8. exd5 cxd5 9. O-O O-O 10. Bg5 c6 11.
Qf3 Be7 12. h3 h6 13. Bf4 Bb7 14. Rfe1 c5 15. Qe2 Bd6 16. Bxd6 Qxd6 17. Qe7 Qc6 18. Qe5 Rfe8 19. Qg3 d4 20. Ne2 c4 21. Bf5 Qc5 22.
Nf4 Qxf5 23. Rxe8+ Rxe8 0-1

[Event "Betsys MČR v online bleskovém šachu 2021"]
[Site "Chess.com"]
[Date "2021.04.17"]
[Round "7"]
[White "PremetFugas"]
[Black "avsokol"]
[Result "0-1"]
[WhiteElo "2128"]
[BlackElo "2381"]
[TimeControl "180+1"]
[EndTime "10:10:47 PDT"]
[Termination "Uživatel avsokol zvítězil na čas"]

1. e4 c5 2. Nf3 d6 3. c3 Nf6 4. h3 g6 5. Bd3 Bg7 6. O-O O-O 7. Bc2 Nc6 8. a3 e5 9. d4 exd4 10. cxd4 Re8 11. d5 Nd4 12. Nxd4 cxd4 13. Re1 Qb6 14. b4 d3 15. Qxd3 Ng4 16. hxg4 Bxa1 17. Nc3 Qc7 18. Nb5 Qe7 19. Be3 Bg7 20. Nxa7 Bxg4 21. Nb5 Rec8 22. f3 Bd7 23. Nd4 Qh4 24. Bf2 Qg5 25. Be3 Qf6 26. Ne2 Qb2 0-1

[Event "Betsys MČR v online bleskovém šachu 2021"]
[Site "Chess.com"]
[Date "2021.04.17"]
[Round "7"]
[White "DenryS"]
[Black "VeceraP1973"]
[Result "1-0"]
[WhiteElo "2109"]
[BlackElo "1917"]
[TimeControl "180+1"]
[EndTime "10:10:51 PDT"]
[Termination "Uživatel DenryS zvítězil po vzdání soupeře"]

1. d4 Nf6 2. Nf3 e6 3. Bf4 d5 4. e3 Be7 5. Bd3 O-O 6. Nbd2 c5 7. c3 Nc6 8. Ne5 g6 9. h4 Nh5 10. Bh6 Re8 11. g4 Nxe5 12. dxe5 Ng7 13. Nf3 a6 14.
Ng5 f6 15. exf6 Bxf6 16. Qc2 Bxg5 17. Bxg5 Qd7 18. h5 gxh5 19. Bxh7+ Kh8 20. Bg6 e5 21. Bf6 Kg8 22. Bxg7 Qxg7 23. Bxe8 Bxg4 24. Bg6 e4 25.
Bxh5 Bxh5 26. Kd2 Qf7 27. Rag1+ Kf8 28. Kc1 Re8 29. Qb3 b5 30. Qa3 Rc8 31. Qxa6 Rc7 32. Qh6+ Ke8 33. Qxh5 1-0

[Event "Betsys MČR v online bleskovém šachu 2021"]
[Site "Chess.com"]
[Date "2021.04.17"]
[Round "7"]
[White "MartinHollan"]
[Black "Lunaticx"]
[Result "1/2-1/2"]
[WhiteElo "2608"]
[BlackElo "2979"]
[TimeControl "180+1"]
[EndTime "10:10:52 PDT"]
[Termination "Remíza dohodou"]

1. e4 e5 2. Nf3 Nc6 3. d4 exd4 4. Nxd4 Nf6 5. Nc3 Bb4 6. Nxc6 bxc6 7. Bd3 d5 8. exd5 O-O 9. O-O cxd5 10. Bg5 c6 11.
Ne2 h6 12. Bh4 Be7 13. Nd4 Bd7 14. Nf5 Bxf5 15. Bxf5 Ne8 16. Bg3 Bd6 17. Re1 Qf6 18. Bd7 Bxg3 19. hxg3 Rd8 20. Bxe8 Rfxe8 21. c3 Rxe1+ 22.
Qxe1 c5 23. Rd1 a5 24. b3 Qc6 25. c4 d4 26. Qxa5 Ra8 27. Qd2 Qa6 28. b4 Qxc4 29. bxc5 Qxc5 30. Qxd4 Qxd4 31. Rxd4 Rxa2 32. Rd8+ Kh7 33.
Rd7 Kg6 34. f3 h5 35. Kh2 Ra1 36. Rd6+ f6 37. Rd5 Kh6 38. Rd6 Re1 39. Rc6 Rd1 40. Rb6 Rd5 41. Rc6 Kg5 42. Rc7 g6 43. Rc4 Ra5 44. Rb4 Kf5 45. g4+ hxg4 46. Rxg4 g5 47. Rc4 Kg6 48. g4 Ra6 1/2-1/2

[Event "Betsys MČR v online bleskovém šachu 2021"]
[Site "Chess.com"]
[Date "2021.04.17"]
[Round "7"]
[White "Nimrod64"]
[Black "JJ95"]
[Result "1-0"]
[WhiteElo "2264"]
[BlackElo "2015"]
[TimeControl "180+1"]
[EndTime "10:10:53 PDT"]
[Termination "Uživatel Nimrod64 zvítězil matem"]

1. d4 d5 2. Nf3 Nf6 3. g3 g6 4. Bg2 Bg7 5. O-O e6 6. c4 O-O 7. Nbd2 dxc4 8. Nxc4 c6 9. b3 Nbd7 10. Ba3 c5 11. dxc5 Ne4 12. Rc1 Ndxc5 13. Qc2 f5 14. Rfd1 Qf6 15. Bb2 Qe7 16. Bxg7 Qxg7 17. Nce5 g5 18.
Nd3 Nxd3 19. exd3 Nf6 20. Ne5 f4 21. d4 Nd5 22. Qc5 fxg3 23. hxg3 b6 24. Qc6 Bb7 25. Qxe6+ Kh8 26. Bxd5 Rae8 27. Qd7 Qxd7 28. Nxd7 Bxd5 29. Nxf8 Rxf8 30. Rc7 Rf6 31. Re1 Rf8 32. Ree7 h5 33. Rh7+ Kg8 34. Rcg7# 1-0

[Event "Betsys MČR v online bleskovém šachu 2021"]
[Site "Chess.com"]
[Date "2021.04.17"]
[Round "7"]
[White "TomSedmihradsky"]
[Black "mayerrs"]
[Result "0-1"]
[WhiteElo "1465"]
[BlackElo "1866"]
[TimeControl "180+1"]
[EndTime "10:10:55 PDT"]
[Termination "Uživatel mayerrs zvítězil na čas"]

1. d4 g6 2. c4 Bg7 3. Nf3 b6 4. Nc3 Bb7 5. e4 e6 6. d5 exd5 7. Nxd5 Nf6 8. Bg5 h6 9. Bxf6 Bxf6 10. e5 Bg7 11. Qd4 O-O 12. Bd3 d6 13. Qf4 dxe5 14. Nxe5 Re8 15. Qxf7+ Kh8 16. O-O Rxe5 17. Nf4 Rg5 18.
Bxg6 Qf6 19. Qd7 Nxd7 0-1

[Event "Betsys MČR v online bleskovém šachu 2021"]
[Site "Chess.com"]
[Date "2021.04.17"]
[Round "7"]
[White "Dan1612"]
[Black "masodj"]
[Result "1-0"]
[WhiteElo "1989"]
[BlackElo "1726"]
[TimeControl "180+1"]
[EndTime "10:10:56 PDT"]
[Termination "Uživatel Dan1612 zvítězil po vzdání soupeře"]

1. e4 c5 2. Nf3 Nc6 3. d4 cxd4 4.
Nxd4 Nf6 5. Nc3 g6 6. Be3 Bg7 7. Nxc6 bxc6 8. e5 Nd5 9. Nxd5 cxd5 10. Qxd5 Rb8 11. Bc4 O-O 12. Bxa7 Bb7 13. Qd4 Qa5+ 14. c3 Ra8 15. Bb6 Qxe5+ 16. Qxe5 Bxe5 17. O-O d5 18. Be2 e6 19. a4 Bc6 20. a5 Rfb8 21. Rfc1 Bb7 22.
b4 Rc8 23. a6 Bc6 24. b5 Be8 25. Bd4 Bd6 26. b6 e5 27. Be3 Bc6 28. b7 Bxb7 29.
axb7 Rxa1 30. Rxa1 Rxc3 31. Ra8+ Kg7 32. b8=Q Bxb8 33.
Rxb8 d4 34. Bg5 f6 35. Rb7+ Kg8 36. Bh6 Rc1+ 37. Bxc1 1-0

[Event "Betsys MČR v online bleskovém šachu 2021"]
[Site "Chess.com"]
[Date "2021.04.17"]
[Round "7"]
[White "jsebesta"]
[Black "Staci_fiknout_Navara_Plat"]
[Result "0-1"]
[WhiteElo "1646"]
[BlackElo "1947"]
[TimeControl "180+1"]
[EndTime "10:10:57 PDT"]
[Termination "Uživatel Staci_fiknout_Navara_Plat zvítězil po vzdání soupeře"]

1. e4 d5 2. exd5 Nf6 3. Nf3 Nxd5 4. d4 c6 5. Bd3 Bg4 6. O-O e6 7. a3 Be7 8. c4 Nf6 9. Be3 Nbd7 10. Nbd2 Nb6 11.
Ne4 Nxe4 12. Bxe4 O-O 13. Qc2 Bxf3 14. Bxf3 Qc7 15. b3 Rad8 16. a4 a6 17. a5 Na8 18.
Qe4 Rd7 19. c5 Qd8 20. Rad1 Nc7 21. Qg4 Bf6 22. Be4 Nd5 23. Bxd5 Rxd5 24. Rd2 Qxa5 25.
Rfd1 g6 26. h4 Rfd8 27. Qh3 Qb4 28. g4 Bxd4 29. Bxd4 Rxd4 30. Rxd4 Rxd4 31. Rxd4 Qxd4 32. Qf3 Qxc5 33. Qf6 h5 34. g5 Qf5 35. Qd8+ Kg7 36. Qd4+ e5 37. Qd6 0-1

[Event "Betsys MČR v online bleskovém šachu 2021"]
[Site "Chess.com"]
[Date "2021.04.17"]
[Round "7"]
[White "SamikGame"]
[Black "TCTCGTGCTATG"]
[Result "0-1"]
[WhiteElo "1658"]
[BlackElo "1923"]
[TimeControl "180+1"]
[EndTime "10:10:59 PDT"]
[Termination "Uživatel TCTCGTGCTATG zvítězil po vzdání soupeře"]

1. e4 e5 2. Nf3 Nc6 3. c3 Nf6 4. d4 exd4 5. e5 Ng8 6. cxd4 d5 7. Nc3 Be6 8. Bb5 Ne7 9. O-O g6 10. h3 Bg7 11. Bg5 O-O 12. Bxc6 bxc6 13. Qd2 Re8 14. Rac1 Rb8 15. b3 Qd7 16. Na4 Qc8 17. Nc5 Nf5 18.
Nxe6 Qxe6 19. Qa5 h6 20. Bf4 Rb7 21. Qa6 Rb6 22. Qxa7 Qd7 23. Qa4 Reb8 24. Bd2 Kh7 25. Rfe1 Ne7 26. b4 Qc8 27. Rc5 Ra8 28. Qc2 Rba6 29. Ra1 Ra3 30. Rc4 dxc4 0-1

[Event "Betsys MČR v online bleskovém šachu 2021"]
[Site "Chess.com"]
[Date "2021.04.17"]
[Round "7"]
[White "fadamos"]
[Black "NeumanPetr"]
[Result "1-0"]
[WhiteElo "2304"]
[BlackElo "2484"]
[TimeControl "180+1"]
[EndTime "10:11:02 PDT"]
[Termination "Uživatel fadamos zvítězil matem"]

1. e4 d6 2. d4 Nf6 3. Nc3 e5 4. Nf3 Nbd7 5. g4 Nxg4 6. Rg1 Ngf6 7. Bg5 c6 8. Qd2 h6 9. Be3 Nh5 10. O-O-O Qf6 11. Bh3 Nb6 12. Bxc8 Rxc8 13. dxe5 Qxf3 14. Bxb6 axb6 15. exd6 Kd8 16. Kb1 Qf6 17. Qe3 c5 18.
Nd5 Qe6 19. e5 Rc6 20. Qa3 Qc8 21. Rge1 g6 22. Qa7 Bg7 23. d7 Qxd7 24. Nxb6 Qxd1+ 25. Rxd1+ Kc7 26. Rd7# 1-0

[Event "Betsys MČR v online bleskovém šachu 2021"]
[Site "Chess.com"]
[Date "2021.04.17"]
[Round "7"]
[White "Zelezny1984"]
[Black "DrDANDog"]
[Result "1-0"]
[WhiteElo "2053"]
[BlackElo "1763"]
[TimeControl "180+1"]
[EndTime "10:11:02 PDT"]
[Termination "Uživatel Zelezny1984 zvítězil po vzdání soupeře"]

1. e4 Nf6 2. Nc3 d5 3. e5 Ne4 4. Nxe4 dxe4 5. d4 Nc6 6. Be3 Bf5 7. Bb5 e6 8. Ne2 Qd5 9. c4 Qd8 10. d5 Bb4+ 11. Nc3 exd5 12. Qxd5 Bxc3+ 13. bxc3 Bd7 14. Qxe4 O-O 15. O-O Qe7 16. f4 a6 17. Ba4 Rfe8 18. Bc2 g6 19. Qf3 Be6 20. c5 Rad8 21. Rad1 Bxa2 22. Be4 Bc4 23. Rfe1 Bb5 24. Bd4 Nxd4 25.
cxd4 c6 26. f5 Ba4 27. f6 Qe6 28. Rb1 Rxd4 29. Qe3 Red8 30. Qh6 1-0

[Event "Betsys MČR v online bleskovém šachu 2021"]
[Site "Chess.com"]
[Date "2021.04.17"]
[Round "7"]
[White "Tomasbezdek07"]
[Black "Bartusman"]
[Result "0-1"]
[WhiteElo "1700"]
[BlackElo "1971"]
[TimeControl "180+1"]
[EndTime "10:11:03 PDT"]
[Termination "Uživatel Bartusman zvítězil po vzdání soupeře"]

1. e4 c5 2. c3 g6 3. d4 cxd4 4. cxd4 d5 5. exd5 Nf6 6. Nf3 Bg7 7. Nc3 O-O 8. Be3 Nxd5 9. Nxd5 Qxd5 10. Be2 Nc6 11. O-O Rd8 12. Rc1 Nxd4 13. Nxd4 Bxd4 14.
Bf3 Qe5 15. Re1 Be6 16. Bxd4 Qxd4 17. Qxd4 Rxd4 18. Bxb7 Rb8 19. Rc7 Bxa2 20. Rcxe7 Be6 21. Rc1 Rb4 22. Bf3 a5 23. Ra1 a4 24. h3 Rxb2 25. Rxa4 Rc8 26. Raa7 Rc1+ 27. Kh2 Rxf2 28. Bg4 Bxg4 29.
hxg4 Rcc2 30. Ra8+ Kg7 31. Raa7 Rxg2+ 32. Kh3 Rgf2 33.
g5 Rc5 34. Kh4 Rff5 35. Red7 Rc4+ 36. Kh3 Rcf4 37. Ra8 Rxg5 0-1

[Event "Betsys MČR v online bleskovém šachu 2021"]
[Site "Chess.com"]
[Date "2021.04.17"]
[Round "7"]
[White "Asmodai5"]
[Black "Figo5144"]
[Result "1-0"]
[WhiteElo "1088"]
[BlackElo "577"]
[TimeControl "180+1"]
[EndTime "10:11:04 PDT"]
[Termination "Uživatel Asmodai5 zvítězil matem"]

1. e4 d5 2. exd5 Qxd5 3. Nc3 Qa5 4. Nf3 c6 5. d3 Bf5 6. Be2 e6 7. O-O Bb4 8. Bd2 Nd7 9. a3 Bxc3 10. Bxc3 Qc7 11.
Nd4 f6 12. Nxf5 exf5 13. Bf3 O-O-O 14. Re1 Ne5 15. Bxe5 fxe5 16. Re3 Nf6 17. Qe2 f4 18. Rxe5 g5 19. Rxg5 Rhe8 20. Qd2 h6 21. Rg6 Ng8 22.
Re1 Rf8 23. Bg4+ Kb8 24. Ree6 b6 25. Rxc6 Qxc6 26. Rxc6 Kb7 27. Bf3 Rd4 28. Rd6+ Kc7 29. Rxd4 Rf6 30. Rxf4 Rd6 31. Qc3+ Kd7 32. Bg4+ Ke7 33.
Qc7+ Rd7 34. Qxd7# 1-0